[Event "Titled Tuesday Blitz February 07 Late 2023"]
[White "Veiga, Jose Francisco R P Neves"]
[Black "Gomes, Luiz Alexandre de Souza"]
[WhiteFideId "1930087"]
[BlackFideId "2102790"]
[WhiteElo "2406"]
[BlackElo "2254"]
[Result "1/2-1/2"]
[Round "07"]
[TimeControl "180+2"]
[Date "2023.02.07"]
[WhiteClock "0:00:10"]
[BlackClock "0:00:30"]

1. e4 c5 2. Nf3 d6 3. Bb5+ Nd7 4. d4 cxd4 5. Nxd4 a6 6. Bd3 e6 7. O-O Qc7 8. c4 Ngf6 9. Nc3 Be7 10. b3 O-O 11. Bb2 b6 12. Rc1 Bb7 13. Kh1 Rac8 14. f3 Rfd8 15. Qe2 Qb8 16. Rfd1 Nf8 17. Qe3 Ng6 18. Bf1 Bf8 19. b4 d5 20. cxd5 exd5 21. Nxd5 Nxd5 22. exd5 Bxd5 23. Rxc8 Qxc8 24. a3 b5 25. Rc1 Qd7 26. Qg5 h6 27. Qf5 Qe7 28. Qb1 Qh4 29. Nf5 Qf4 30. Qd3 Ne5 31. Qd4 Qxf5 32. Qxe5 Qxe5 33. Bxe5 Be6 34. Kg1 f6 35. Bf4 Bd6 36. Bxd6 Rxd6 37. Kf2 Rd2+ 38. Ke3 Ra2 39. Rc6 Rxa3+ 40. Kd4 Kf7 41. Bd3 Ra4 42. Kc5 Ra3 43. Be4 f5 44. Rc7+ Kf6 45. Bb7 Ra2 46. f4 g5 47. fxg5+ hxg5 48. h3 a5 49. bxa5 Rxa5 50. Kb4 Ra7 51. Kxb5 Ke5 52. Kb6 Ra2 53. Bf3 Rb2+ 54. Kc5 Rc2+ 55. Kb6 Rxc7 56. Kxc7 Kf4 57. Kd6 Bc4 58. Ke7 Bf1 59. Kf6 g4 60. hxg4 fxg4 61. Bb7 g3 62. Kg6 Ke3 63. Kg5 Kf2 64. Kf4 Bxg2 65. Bc8 Bf1 66. Bb7 Bg2 67. Bc8 Bf3 68. Bh3 Bg2 69. Bc8 1/2-1/2


[Site "https://www.chess.com"]

[Event "Titled Tuesday Blitz February 07 Late 2023"]
[White "TheKnightOfBosnia"]
[Black "Rian, Kapriaga"]
[BlackFideId "7103263"]
[WhiteElo "2526"]
[BlackElo "2089"]
[Result "1-0"]
[Round "07"]
[TimeControl "180+2"]
[Date "2023.02.07"]
[WhiteClock "0:00:08"]
[BlackClock "0:00:08"]

1. e4 c6 2. d4 d5 3. Nd2 dxe4 4. Nxe4 Bf5 5. Ng3 Bg6 6. N1e2 e6 7. Nf4 Bd6 8. Nfh5 Bf8 9. Nf4 Bd6 10. Ngh5 Bf8 11. Bc4 Nf6 12. c3 Nxh5 13. Nxh5 Nd7 14. O-O Bxh5 15. Qxh5 Nf6 16. Qf3 Be7 17. Re1 O-O 18. Bf4 Nd5 19. Be5 Bd6 20. Rad1 Qc7 21. Bd3 Bxe5 22. Rxe5 Rad8 23. h4 Rd7 24. h5 Qd8 25. h6 g6 26. Bc4 b5 27. Bxd5 cxd5 28. Qf4 Qe7 29. Rde1 Rc8 30. a3 a5 31. R5e3 b4 32. axb4 axb4 33. cxb4 Qxb4 34. Qf6 Qf8 35. Rh3 Rdc7 36. g4 Rc6 37. Re5 Rc1+ 38. Kg2 Rd1 39. Ree3 Rd2 40. g5 Rxb2 41. Rhf3 Rb7 42. Ra3 Rbb8 43. Ra7 1-0


[Site "https://www.chess.com"]

[Event "Titled Tuesday Blitz February 07 Late 2023"]
[White "Van Dael, Siem"]
[Black "ArchibaldCerveza29"]
[WhiteFideId "1049771"]
[WhiteElo "2319"]
[BlackElo "2520"]
[Result "1-0"]
[Round "07"]
[TimeControl "180+2"]
[Date "2023.02.07"]
[WhiteClock "0:00:11"]
[BlackClock "0:00:20"]

1. e4 e5 2. Nf3 Nc6 3. Bc4 Nf6 4. d3 Be7 5. O-O O-O 6. Re1 d6 7. a4 Na5 8. Ba2 c5 9. Nc3 Nc6 10. Bg5 a6 11. Bxf6 Bxf6 12. Nd5 g6 13. c3 Bg7 14. h3 b5 15. Bb3 Be6 16. axb5 axb5 17. Rxa8 Qxa8 18. Nc7 Qc8 19. Nxe6 fxe6 20. Ng5 Rf6 21. Qg4 Nd8 22. Ra1 c4 23. Bc2 Qc5 24. Ra8 Qxf2+ 25. Kh1 Rf8 26. Rxd8 h6 27. Qxe6+ Kh8 28. Rxf8+ Bxf8 29. Qf7 Qe1+ 30. Kh2 hxg5 31. Qxf8+ Kh7 32. Qf7+ Kh6 33. Qf8+ Kh7 34. Qe7+ Kh6 35. dxc4 Qd2 36. Qf8+ Kh7 37. Qf7+ Kh6 38. Bb3 bxc4 39. Bxc4 Qxb2 40. Bd5 Qxc3 41. Qf8+ Kh7 42. Bg8+ Kh8 43. Bf7+ Kh7 44. Qg8+ Kh6 45. Qh8# 1-0


[Site "https://www.chess.com"]

[Event "Titled Tuesday Blitz February 07 Late 2023"]
[White "Ruiz Aguilar, Pablo Alexander"]
[Black "Seletsky, Grigory"]
[WhiteFideId "4401352"]
[BlackFideId "14112191"]
[WhiteElo "2161"]
[BlackElo "2259"]
[Result "1-0"]
[Round "07"]
[TimeControl "180+2"]
[Date "2023.02.07"]
[WhiteClock "0:00:07"]
[BlackClock "0:00:01"]

1. e4 e6 2. d4 d5 3. Nd2 Nc6 4. Ngf3 Nf6 5. e5 Nd7 6. Nb3 a5 7. a4 b6 8. c3 Ba6 9. Bb5 Ncb8 10. O-O c6 11. Bd3 Bxd3 12. Qxd3 Be7 13. c4 O-O 14. Be3 Qc8 15. Rfc1 Qb7 16. Ng5 Bxg5 17. Bxg5 Na6 18. Be7 Rfe8 19. Bd6 Rac8 20. cxd5 exd5 21. Qf5 c5 22. Rc3 cxd4 23. Nxd4 Rxc3 24. bxc3 Nac5 25. Nb5 Nf8 26. Bxc5 bxc5 27. Nd6 Qe7 28. Nxe8 Qxe8 29. f4 Ne6 30. g3 g6 31. Qc2 c4 32. Rb1 Qc6 33. Rb5 d4 34. cxd4 Nxd4 35. Rb8+ Kg7 36. Qf2 Qe4 37. Rd8 Nb3 38. e6 Qxe6 39. Qb2+ f6 40. Qf2 Qc6 41. Qa7+ Kh6 42. Qe3 1-0


[Site "https://www.chess.com"]

[Event "Titled Tuesday Blitz February 07 Late 2023"]
[White "Koutlas, Nikolaos"]
[Black "Fajdetic, Hrvoje"]
[WhiteFideId "25827138"]
[BlackFideId "14501945"]
[WhiteElo "2341"]
[BlackElo "2151"]
[Result "1-0"]
[Round "07"]
[TimeControl "180+2"]
[Date "2023.02.07"]
[WhiteClock "0:01:20"]
[BlackClock "0:00:03"]

1. Nf3 f5 2. c4 Nf6 3. Nc3 d6 4. g3 e5 5. Bg2 Be7 6. d4 e4 7. Ng5 c6 8. d5 c5 9. f3 Nxd5 10. Nxd5 Bxg5 11. Bxg5 Qxg5 12. Nc7+ Kd7 13. Nxa8 f4 14. Qd2 e3 15. Qa5 Na6 16. O-O-O fxg3 17. hxg3 Qxg3 18. Bh3+ Ke7 19. Bxc8 Rxc8 20. Rxh7 Rxa8 21. Qc3 Rg8 22. Qxe3+ Qe5 23. Qxe5+ dxe5 24. Rd5 Ke6 25. Rh5 g5 26. e4 b6 27. Rh6+ Ke7 28. Rxe5+ Kd7 29. Rf5 Nb4 30. Rf7+ Ke8 31. Rxa7 g4 32. Ra8+ Kf7 33. Rxg8 Kxg8 34. fxg4 Nxa2+ 35. Kb1 Nb4 36. Rxb6 Nd3 37. Rd6 Ne5 38. Rd5 Nxc4 39. Rxc5 Nd2+ 40. Kc2 Nxe4 41. Re5 Nf2 42. b4 Kf7 43. Rf5+ 1-0


[Site "https://www.chess.com"]

[Event "Titled Tuesday Blitz February 07 Late 2023"]
[White "Toktomushev, Teimur"]
[Black "Vovk, Orest"]
[WhiteFideId "14176726"]
[BlackFideId "14113490"]
[WhiteElo "2239"]
[BlackElo "2315"]
[Result "1/2-1/2"]
[Round "07"]
[TimeControl "180+2"]
[Date "2023.02.07"]
[WhiteClock "0:00:03"]
[BlackClock "0:00:08"]

1. d4 h6 2. e4 g5 3. Nc3 Bg7 4. h4 g4 5. Qxg4 Bxd4 6. Nf3 Nf6 7. Qg7 Rg8 8. Qxh6 Bxf2+ 9. Kd1 d5 10. e5 d4 11. exf6 dxc3+ 12. Bd3 exf6 13. Rf1 Rxg2 14. Rxf2 Rxf2 15. Qe3+ Kf8 16. Qxf2 Bg4 17. Bh6+ Kg8 18. bxc3 Qd5 19. Kd2 Qxf3 20. Qxf3 Bxf3 21. Rg1+ Kh8 22. Bg7+ Kg8 23. Bxf6+ Kf8 24. Bg7+ Ke7 25. Re1+ Kd6 26. Rf1 Bd5 27. h5 Nd7 28. h6 Nf8 29. Rf6+ Ke7 30. h7 Nxh7 31. Bxh7 Bxa2 32. Rh6 Rd8+ 33. Kc1 Be6 34. Bf6+ Kd7 35. Bxd8 Kxd8 36. Rh2 Kd7 37. Rd2+ Kc6 38. Bd3 b5 39. Be4+ Kc5 40. Rf2 a5 41. Kb2 Kd6 42. Bf5 Bd5 43. Bd3 c6 44. c4 bxc4 45. Bf1 Kc5 46. Kc3 a4 47. Rf4 a3 48. Bxc4 a2 49. Bxa2 Bxa2 50. Rf5+ Bd5 51. Kd3 Kd6 52. Kd4 c5+ 53. Ke3 Be6 54. Rh5 f5 55. Kf4 Kd5 56. Rh8 Kd4 57. Rd8+ Kc3 58. Re8 Bd7 59. Re7 Ba4 60. Rc7 c4 61. Rxc4+ Kxc4 62. Kxf5 Kd5 63. Kg6 Bxc2+ 1/2-1/2


[Site "https://www.chess.com"]

[Event "Titled Tuesday Blitz February 07 Late 2023"]
[White "Sabar, Ethmane Daouda"]
[Black "Danielyan, Vahe"]
[WhiteFideId "19600097"]
[BlackFideId "13304828"]
[WhiteElo "2040"]
[BlackElo "2346"]
[Result "0-1"]
[Round "07"]
[TimeControl "180+2"]
[Date "2023.02.07"]
[WhiteClock "0:00:04"]
[BlackClock "0:00:19"]

1. e4 e6 2. a3 d5 3. exd5 exd5 4. d4 Nf6 5. Nf3 Bd6 6. Bd3 O-O 7. O-O Bg4 8. Nbd2 Nc6 9. c3 Qd7 10. Re1 Rae8 11. h3 Bxh3 12. gxh3 Qxh3 13. Bf1 Qh5 14. Bg2 Ng4 15. Nf1 Ne7 16. Ne5 Bxe5 17. Rxe5 Qh4 18. Rg5 Qxf2+ 19. Kh1 Qh4+ 20. Kg1 h5 21. Qf3 f6 22. Rxd5 Nxd5 23. Qxd5+ Kh8 24. Qf3 Re1 25. b4 Qh2# 0-1


[Site "https://www.chess.com"]

[Event "Titled Tuesday Blitz February 07 Late 2023"]
[White "Volkmann, Andre Jordi"]
[Black "Nefedov, Sergey"]
[WhiteFideId "2154463"]
[BlackFideId "24113417"]
[WhiteElo "2158"]
[BlackElo "2300"]
[Result "1-0"]
[Round "07"]
[TimeControl "180+2"]
[Date "2023.02.07"]
[WhiteClock "0:00:53"]
[BlackClock "0:00:05"]

1. d4 d5 2. c4 e6 3. Nc3 Nf6 4. Bf4 c6 5. e3 Bd6 6. Bg3 O-O 7. Nf3 Ne4 8. Bd3 f5 9. Bxe4 fxe4 10. Ne5 Nd7 11. Nxc6 bxc6 12. Bxd6 Ba6 13. Bxf8 Qxf8 14. cxd5 cxd5 15. Ne2 Rb8 16. b3 Qb4+ 17. Qd2 Qb5 18. Nc3 Qb6 19. O-O-O Bd3 20. Kb2 a5 21. Na4 Qb5 22. Ka1 e5 23. Qb2 exd4 24. Qxd4 Nf6 25. Rc1 Qd7 26. Rc5 Qf5 27. Rhc1 h6 28. Rc7 Qxf2 29. Qa7 Rf8 30. Rxg7+ Kh8 31. Qe7 Nh5 32. Rg6 d4 33. Rxh6+ Kg8 34. Qh7# 1-0


[Site "https://www.chess.com"]

[Event "Titled Tuesday Blitz February 07 Late 2023"]
[White "Rosenberg, Evan S"]
[Black "Chor, Kevin"]
[WhiteFideId "2019299"]
[BlackFideId "2090740"]
[WhiteElo "1956"]
[BlackElo "1944"]
[Result "0-1"]
[Round "07"]
[TimeControl "180+2"]
[Date "2023.02.07"]
[WhiteClock "0:01:01"]
[BlackClock "0:00:35"]

1. d4 Nf6 2. Nf3 g6 3. Nc3 d5 4. Bf4 Bg7 5. Nb5 Na6 6. e3 O-O 7. h3 c6 8. Nc3 Nc7 9. Bd3 a5 10. a4 Na6 11. O-O Nb4 12. Be2 Bf5 13. Rc1 Ne4 14. Nxe4 Bxe4 15. c3 Na6 16. g4 Bxf3 17. Bxf3 e6 18. Qd2 Nb8 19. Kg2 Nd7 20. Rh1 e5 21. Bg3 Qe7 22. h4 f5 23. gxf5 gxf5 24. h5 f4 25. exf4 exf4 26. Bh4 Qd6 27. Rce1 Nf6 28. Re5 Ne4 29. Bxe4 dxe4 30. Be7 Qd7 31. Rxe4 Qg4+ 32. Kf1 Qf3 33. Rg1 Qxe4 34. Bxf8 Rxf8 35. h6 Rf7 36. Rxg7+ Rxg7 37. hxg7 f3 38. Qe3 Qb1+ 39. Qe1 Qd3+ 0-1


[Site "https://www.chess.com"]

[Event "Titled Tuesday Blitz February 07 Late 2023"]
[White "CheckBits"]
[Black "Ortega Amarelle, Mariano"]
[BlackFideId "3504301"]
[WhiteElo "2403"]
[BlackElo "2472"]
[Result "1-0"]
[Round "07"]
[TimeControl "180+2"]
[Date "2023.02.07"]
[WhiteClock "0:00:06"]
[BlackClock "0:00:02"]

1. d4 Nf6 2. Nf3 g6 3. Nc3 Bg7 4. e4 d6 5. Be3 c6 6. a4 Qc7 7. h3 Nbd7 8. Bc4 O-O 9. O-O Nxe4 10. Nxe4 d5 11. Bd3 dxe4 12. Bxe4 Nf6 13. Bd3 Bf5 14. Bc4 Rad8 15. c3 Nd5 16. Bg5 h6 17. Bh4 g5 18. Bg3 Qc8 19. Re1 e6 20. Qe2 Rfe8 21. Rad1 a6 22. Ne5 b5 23. Bb3 Qb7 24. h4 f6 25. Nd3 Qf7 26. Nc5 Ra8 27. Bc2 Bf8 28. Ne4 Rad8 29. Rd2 Qg6 30. h5 Qf7 31. Qf3 Bh7 32. Rde2 f5 33. Nd2 f4 34. Bxh7+ Kxh7 35. Bh2 Bg7 36. Qg4 Nc7 37. g3 Qf5 38. Qxf5+ exf5 39. gxf4 g4 40. f3 g3 41. Bxg3 Bf6 42. Kf2 Rxe2+ 43. Rxe2 Kg7 44. axb5 axb5 45. Nb3 Kf7 46. Nc5 Be7 47. Nd3 Bf6 48. Ne5+ Bxe5 49. fxe5 Ke6 50. Bf4 Nd5 51. Bd2 f4 52. Re1 Rg8 53. Rg1 Rxg1 54. Kxg1 Kf5 55. Kg2 Kg5 56. b3 Kxh5 57. c4 bxc4 58. bxc4 Nb6 59. Bxf4 Nxc4 60. e6 Kg6 61. Be5 Nb6 62. f4 Nd5 63. Kf3 Kf5 64. Bg7 Kxe6 65. Bxh6 Kf5 66. Bg5 Nc3 67. Bh6 Nd5 68. Bg5 Nc3 69. Ke3 Nd5+ 70. Kd3 Ke6 71. Kc4 1-0


[Site "https://www.chess.com"]

[Event "Titled Tuesday Blitz February 07 Late 2023"]
[White "Yang, Qindong"]
[Black "Gatterer, Florian"]
[WhiteFideId "8603758"]
[BlackFideId "811688"]
[WhiteElo "2127"]
[BlackElo "2170"]
[Result "1/2-1/2"]
[Round "07"]
[TimeControl "180+2"]
[Date "2023.02.07"]
[WhiteClock "0:01:08"]
[BlackClock "0:00:51"]

1. d4 Nf6 2. c4 g6 3. Nc3 d5 4. Nf3 Bg7 5. Qb3 dxc4 6. Qxc4 Be6 7. Qa4+ Bd7 8. Qb3 O-O 9. e4 c5 10. d5 Qc8 11. Bc4 Bg4 12. Ne5 Nbd7 13. Nxg4 Nxg4 14. Bf4 a6 15. a4 Nge5 16. Be2 c4 17. Qc2 Nd3+ 18. Bxd3 cxd3 19. Qxd3 Nc5 20. Qe2 Nb3 21. Rd1 Bxc3+ 22. bxc3 Qxc3+ 23. Bd2 Nxd2 24. Qxd2 Qc4 25. Qd4 Rfc8 26. h4 Qxd4 27. Rxd4 Rc1+ 28. Rd1 Rc4 29. f3 Rxa4 30. h5 gxh5 31. Rxh5 Rc8 1/2-1/2


[Site "https://www.chess.com"]

[Event "Titled Tuesday Blitz February 07 Late 2023"]
[White "Kochetov, Andrey"]
[Black "Lucassen, Mickey"]
[WhiteFideId "24130532"]
[BlackFideId "12919110"]
[WhiteElo "2165"]
[BlackElo "2023"]
[Result "1-0"]
[Round "07"]
[TimeControl "180+2"]
[Date "2023.02.07"]
[WhiteClock "0:02:18"]
[BlackClock "0:00:15"]

1. e4 c5 2. Nf3 d6 3. d4 cxd4 4. Nxd4 Nf6 5. f3 g6 6. c4 Bg7 7. Nc3 O-O 8. Be3 Nc6 9. Nc2 Bd7 10. Be2 Rc8 11. O-O a6 12. Qd2 Qa5 13. Rac1 Ne5 14. b3 b5 15. Nd5 Qxd2 16. Nxe7+ Kh8 17. Bxd2 Rce8 18. Nd5 bxc4 19. bxc4 Nxd5 20. cxd5 a5 21. h3 a4 22. f4 Bh6 23. Bc3 f6 1-0


[Site "https://www.chess.com"]

[Event "Titled Tuesday Blitz February 07 Late 2023"]
[White "Papayan, Oleg"]
[Black "Miszler, Levente"]
[WhiteFideId "4193911"]
[BlackFideId "763276"]
[WhiteElo "2253"]
[BlackElo "2271"]
[Result "0-1"]
[Round "07"]
[TimeControl "180+2"]
[Date "2023.02.07"]
[WhiteClock "0:00:03"]
[BlackClock "0:01:17"]

1. d4 Nf6 2. Nf3 b6 3. Bf4 Bb7 4. e3 h6 5. h3 g5 6. Bh2 Bg7 7. Bd3 d6 8. Nbd2 Nbd7 9. e4 c5 10. c3 O-O 11. Qe2 e5 12. dxe5 dxe5 13. Nxe5 Nxe5 14. Bxe5 Re8 15. Bxf6 Qxf6 16. O-O Rad8 17. Rfe1 Qd6 18. Bb5 Re7 19. Rad1 Qf4 20. Nf1 Rxd1 21. Qxd1 Bf6 22. Qf3 Rxe4 23. Rxe4 Qxe4 24. Qxe4 Bxe4 25. Nd2 Bc2 26. f3 Kf8 27. Kf2 Be5 28. g3 Ke7 29. Nc4 Bc7 30. Ne3 Bb1 31. a3 f5 32. Nd5+ Kd6 33. Nxc7 Kxc7 34. f4 Kd6 35. fxg5 hxg5 36. h4 gxh4 37. gxh4 Ke5 38. h5 Kf6 39. Be2 Kg5 40. b4 Be4 41. Ke3 Bc6 0-1


[Site "https://www.chess.com"]

[Event "Titled Tuesday Blitz February 07 Late 2023"]
[White "Baches Garcia, Guillermo"]
[Black "Kostiukov, Alexandr"]
[WhiteFideId "2209764"]
[BlackFideId "14108100"]
[WhiteElo "2327"]
[BlackElo "2271"]
[Result "1-0"]
[Round "07"]
[TimeControl "180+2"]
[Date "2023.02.07"]
[WhiteClock "0:00:57"]
[BlackClock "0:00:15"]

1. e4 c5 2. Nf3 g6 3. d4 cxd4 4. Qxd4 Nf6 5. c4 Nc6 6. Qe3 Bg7 7. h3 d6 8. Be2 O-O 9. O-O Nd7 10. Nc3 Nc5 11. Bd2 a5 12. Rac1 h6 13. Rfd1 Be6 14. b3 Kh7 15. Nd5 Bxd5 16. exd5 Nb4 17. a3 Nba6 18. b4 axb4 19. axb4 Nd7 20. Bd3 Re8 21. h4 Nf6 22. Bc3 Kg8 23. Re1 Qd7 24. Qd2 Qg4 25. Bd4 Nh5 26. Bxg7 Nf4 27. Bf1 Kxg7 28. Nh2 Qxh4 29. g3 Nh3+ 30. Kg2 Qg5 31. f4 1-0


[Site "https://www.chess.com"]

[Event "Titled Tuesday Blitz February 07 Late 2023"]
[White "Marczuk, Dominik"]
[Black "Jenkins, Drake"]
[WhiteFideId "1111264"]
[BlackFideId "2022397"]
[WhiteElo "2253"]
[BlackElo "2130"]
[Result "1-0"]
[Round "07"]
[TimeControl "180+2"]
[Date "2023.02.07"]
[WhiteClock "0:00:40"]
[BlackClock "0:00:24"]

1. e4 c5 2. Nf3 g6 3. d4 cxd4 4. Nxd4 Nf6 5. Nc3 Nc6 6. Be3 h5 7. Bc4 Bg7 8. h3 Nxd4 9. Bxd4 d6 10. O-O O-O 11. Bb3 Bd7 12. f4 b5 13. e5 Ne8 14. Qe2 dxe5 15. fxe5 Bg4 16. Qe3 Bf5 17. Rad1 Qc8 18. Nd5 Qb7 19. Qg5 Kh7 20. Nxe7 Be4 21. Rxf7 Rxf7 22. Bxf7 Nc7 23. Bxg6+ Bxg6 24. Qxg6+ Kh8 25. Qxh5+ 1-0


[Site "https://www.chess.com"]

[Event "Titled Tuesday Blitz February 07 Late 2023"]
[White "Zochowski, Kacper"]
[Black "Osmonbekov, Talaibek"]
[WhiteFideId "1125494"]
[BlackFideId "2017253"]
[WhiteElo "2262"]
[BlackElo "2137"]
[Result "1-0"]
[Round "07"]
[TimeControl "180+2"]
[Date "2023.02.07"]
[WhiteClock "0:02:40"]
[BlackClock "0:02:14"]

1. Nf3 f5 2. d3 Nf6 3. e4 d6 4. Nc3 e5 5. exf5 Bxf5 6. d4 e4 7. Nh4 Qd7 8. d5 Be7 9. Bb5 c6 10. Nxf5 Qxf5 11. Ba4 O-O 12. O-O Nxd5 13. Nxd5 Qxd5 14. Bb3 1-0


[Site "https://www.chess.com"]

[Event "Titled Tuesday Blitz February 07 Late 2023"]
[White "Antonio, Jorge Carlos"]
[Black "reevecanada"]
[WhiteFideId "113190"]
[WhiteElo "2277"]
[BlackElo "2474"]
[Result "0-1"]
[Round "07"]
[TimeControl "180+2"]
[Date "2023.02.07"]
[WhiteClock "0:00:02"]
[BlackClock "0:00:19"]

1. d4 b5 2. Nf3 Bb7 3. Bf4 Nf6 4. e3 a6 5. Bd3 e6 6. c3 Bd6 7. Ne5 O-O 8. O-O Qc8 9. Nd2 c5 10. Ng4 Nxg4 11. Bxd6 Qc6 12. Ne4 Rc8 13. Qxg4 f5 14. Qg5 fxe4 15. Be5 Kf7 16. Qxg7+ Ke8 17. Be2 cxd4 18. exd4 Kd8 19. Qxh7 e3 20. Qg8+ Ke7 21. fxe3 Rxg8 22. Bf6+ Kf8 23. Bg5+ Kg7 24. Rf3 Qxf3 25. gxf3 d6 26. h4 Kf7 27. e4 Nd7 28. Kf2 Nf6 29. a4 Bc6 30. a5 Nh7 31. Bf4 Rad8 32. h5 e5 33. dxe5 dxe5 34. Bxe5 Rd2 35. b4 Bd7 36. Ke3 Rc2 37. Bd4 Be6 38. Rf1 Rxe2+ 39. Kxe2 Bc4+ 40. Kf2 Bxf1 41. Kxf1 Nf6 42. Kf2 Nxh5 43. Ke3 Ng7 44. f4 Ne6 45. f5 Nxd4 46. cxd4 Rc8 47. e5 Rc4 48. Ke4 Rxb4 49. Kd5 Rc4 50. f6 Ra4 51. Ke4 Ke6 52. Ke3 b4 0-1


[Site "https://www.chess.com"]

[Event "Titled Tuesday Blitz February 07 Late 2023"]
[White "Estrada Nieto, Julian"]
[Black "Kovalevsky, Stanislav"]
[WhiteFideId "5101018"]
[BlackFideId "13508598"]
[WhiteElo "2215"]
[BlackElo "2237"]
[Result "1-0"]
[Round "07"]
[TimeControl "180+2"]
[Date "2023.02.07"]
[WhiteClock "0:00:08"]
[BlackClock "0:00:05"]

1. e4 e6 2. d4 d5 3. Nd2 dxe4 4. Nxe4 Nf6 5. Nxf6+ gxf6 6. Nf3 Nc6 7. g3 Ne7 8. Bg2 Bd7 9. O-O Bc6 10. Re1 Qd5 11. Nh4 Qd7 12. Qh5 Bxg2 13. Nxg2 Ng6 14. Nf4 O-O-O 15. Nxg6 fxg6 16. Qa5 Kb8 17. Be3 Qd5 18. Qa4 h5 19. c4 Qd7 20. Qxd7 Rxd7 21. Bf4 Rxd4 22. Rxe6 Bd6 23. Rxf6 Bxf4 24. Rxf4 Rxf4 25. gxf4 Rf8 26. Re1 b6 27. Re4 Kb7 28. Kg2 Kc6 29. Re6+ Kc5 30. Rxg6 Rxf4 31. Rg5+ Kxc4 32. Rxh5 c5 33. Rh7 a5 34. Kg3 Rf8 35. h4 b5 36. h5 Kd5 37. h6 b4 38. Ra7 Rh8 39. h7 Kd4 40. f4 c4 41. Kf3 c3 42. Rd7+ Kc5 43. bxc3 bxc3 44. Ke3 Kb4 45. Kd3 Rc8 46. Kc2 Rh8 47. Rb7+ Kc4 48. Ra7 Kb4 49. f5 a4 50. f6 Re8 51. f7 Re2+ 52. Kd3 Rd2+ 53. Ke3 Rd8 54. Rb7+ Ka3 55. Re7 c2 56. Rc7 c1=Q+ 57. Rxc1 Kxa2 58. Rf1 Rf8 59. Ke4 Kb2 60. Ke5 a3 61. Ke6 a2 62. Ke7 Rh8 63. Rh1 Rxh7 64. Rxh7 a1=Q 65. f8=Q Qa3+ 66. Kf7 Qa7+ 67. Kg8 Qg1+ 68. Qg7+ Qxg7+ 69. Rxg7 Kc3 70. Kf7 Kc4 71. Rg6 Kd5 72. Kf6 1-0


[Site "https://www.chess.com"]

[Event "Titled Tuesday Blitz February 07 Late 2023"]
[White "Nilsen, Tobias Lang"]
[Black "Torres Dominguez, David"]
[WhiteFideId "1521624"]
[BlackFideId "2220857"]
[WhiteElo "2247"]
[BlackElo "1994"]
[Result "1-0"]
[Round "07"]
[TimeControl "180+2"]
[Date "2023.02.07"]
[WhiteClock "0:00:11"]
[BlackClock "0:00:05"]

1. e4 Nc6 2. d4 e5 3. dxe5 Nxe5 4. Nf3 Qf6 5. Nxe5 Qxe5 6. Bd3 Bc5 7. Nc3 d6 8. Qe2 Nf6 9. O-O Bg4 10. Qe1 O-O 11. Be3 Bxe3 12. Qxe3 Rae8 13. Rae1 Bd7 14. f4 Qa5 15. Qg3 Qb6+ 16. Kh1 Qxb2 17. Nd1 Qxa2 18. e5 dxe5 19. fxe5 Ng4 20. Re4 Nh6 21. Rh4 Kh8 22. Ne3 Qe6 23. Rh5 f5 24. exf6 Rxf6 25. Rxf6 Qxf6 26. Nf1 Rf8 27. h3 Nf5 28. Qxc7 1-0


[Site "https://www.chess.com"]

[Event "Titled Tuesday Blitz February 07 Late 2023"]
[White "Harish, Neeraj"]
[Black "Kovacs, Klara"]
[WhiteFideId "30958130"]
[BlackFideId "733210"]
[WhiteElo "2232"]
[BlackElo "2121"]
[Result "1-0"]
[Round "07"]
[TimeControl "180+2"]
[Date "2023.02.07"]
[WhiteClock "0:00:17"]
[BlackClock "0:00:59"]

1. e4 e6 2. d4 d5 3. e5 c5 4. c3 Nc6 5. Nf3 Bd7 6. Be2 cxd4 7. cxd4 Nh6 8. Nc3 f6 9. exf6 gxf6 10. O-O Bg7 11. Bf4 O-O 12. Re1 Nf7 13. Bg3 Rc8 14. a3 a6 15. Bd3 b5 16. Qc2 Qb6 17. Bxh7+ Kh8 18. Bg6 Nh6 19. Qd2 Qb7 20. Bd3 Na5 21. Nh4 Kg8 22. Rad1 Nb3 23. Qe2 Nxd4 24. Qh5 e5 25. Qg6 Ndf5 26. Nxf5 Be8 27. Nxh6+ Kh8 28. Qh7# 1-0


[Site "https://www.chess.com"]

[Event "Titled Tuesday Blitz February 07 Late 2023"]
[White "Nunez V, Gustavo Eduardo"]
[Black "Pinheiro, Iung Alicio de O."]
[WhiteFideId "4403690"]
[BlackFideId "2104350"]
[WhiteElo "2212"]
[BlackElo "2306"]
[Result "1-0"]
[Round "07"]
[TimeControl "180+2"]
[Date "2023.02.07"]
[WhiteClock "0:00:32"]
[BlackClock "0:00:41"]

1. e4 c5 2. Nc3 Nc6 3. g3 g6 4. Bg2 Bg7 5. d3 d6 6. Be3 Rb8 7. a4 a6 8. Qd2 b5 9. axb5 axb5 10. f4 b4 11. Nd1 Bb7 12. Ne2 Nf6 13. h3 O-O 14. O-O Ra8 15. Rxa8 Qxa8 16. f5 e6 17. Bh6 exf5 18. Bxg7 Kxg7 19. exf5 Ne5 20. Bxb7 Qxb7 21. Qf4 h6 22. fxg6 fxg6 23. Ne3 Nh7 24. Qe4 Nf3+ 25. Kg2 Qxe4 26. dxe4 Nd2 27. Rd1 Nxe4 28. Nf4 Re8 29. Nc4 g5 30. Nh5+ Kg6 31. Nxd6 Rd8 32. Nxe4 Rxd1 33. g4 Rc1 34. c3 b3 35. Nxc5 Rxc3 36. bxc3 b2 37. Nd7 b1=Q 38. Ne5# 1-0


[Site "https://www.chess.com"]

[Event "Titled Tuesday Blitz February 07 Late 2023"]
[White "Todev, Simeon"]
[Black "Cella, Glaucio Dalla Cortt"]
[WhiteFideId "2925133"]
[BlackFideId "2119455"]
[WhiteElo "2033"]
[BlackElo "1894"]
[Result "1-0"]
[Round "07"]
[TimeControl "180+2"]
[Date "2023.02.07"]
[WhiteClock "0:00:22"]
[BlackClock "0:00:04"]

1. e4 c5 2. Nf3 e6 3. Bd3 Nc6 4. c3 d5 5. e5 Qc7 6. Qe2 g6 7. Bc2 Bg7 8. d4 cxd4 9. cxd4 Bd7 10. Nc3 Nge7 11. Nb5 Qa5+ 12. Bd2 Qb6 13. Nd6+ Kf8 14. Bc3 Nf5 15. Bxf5 exf5 16. Nxf7 Kxf7 17. e6+ Bxe6 18. Ng5+ Kf8 19. Nxe6+ Kg8 20. O-O Re8 21. Qf3 Rxe6 22. Qxd5 Ne7 23. Qc4 Qc6 24. Qb3 Nd5 25. Bd2 Kf7 26. Rac1 Qd6 27. Rc5 Rd8 28. Qxb7+ Rd7 29. Qb3 Bxd4 30. Rc4 Bf6 31. Rfc1 Kg7 32. g3 Qe7 33. Rc8 Nb6 34. Bb4 Red6 35. Bxd6 Qxd6 36. Rg8+ Kh6 37. Qe3+ Bg5 38. f4 Bxf4 39. gxf4 Qd4 40. Re1 Qxe3+ 41. Rxe3 Rd2 42. Rh3# 1-0


[Site "https://www.chess.com"]

[Event "Titled Tuesday Blitz February 07 Late 2023"]
[White "Yedidia, Daniel"]
[Black "Alfaro, William"]
[WhiteFideId "30905907"]
[BlackFideId "6100457"]
[WhiteElo "2041"]
[BlackElo "2134"]
[Result "1/2-1/2"]
[Round "07"]
[TimeControl "180+2"]
[Date "2023.02.07"]
[WhiteClock "0:00:25"]
[BlackClock "0:00:49"]

1. Nf3 Nf6 2. d4 g6 3. c4 Bg7 4. Nc3 d6 5. e4 O-O 6. Be2 e5 7. Be3 Ng4 8. Bg5 f6 9. Bh4 Nc6 10. h3 Nh6 11. dxe5 Nxe5 12. Nxe5 dxe5 13. Qxd8 Rxd8 14. Nd5 g5 15. Nxc7 gxh4 16. Nxa8 Bd7 17. Nc7 Bc6 18. Nd5 Nf7 19. O-O-O Kf8 20. Kc2 Ng5 21. Nc3 Rc8 22. Bd3 Ne6 23. Rhe1 Nd4+ 24. Kb1 Bh6 25. Ne2 Ne6 26. Bc2 Kf7 27. Rd6 Bf8 28. Rd2 Bc5 29. Ng1 Bb4 30. Red1 Bxd2 31. Rxd2 Rg8 32. f3 Nf4 33. b4 Rxg2 34. Rxg2 Nxg2 35. b5 Bd7 36. a4 Ke7 37. c5 Be6 38. Kc1 Ne3 39. Bd3 Bb3 40. Kd2 Ng2 41. a5 Nf4 42. Bf1 Kd7 43. Kc3 Be6 44. Kd2 Kc7 45. Ke3 a6 46. bxa6 bxa6 47. Bxa6 Kc6 48. Bf1 Kxc5 49. Kd2 Bc8 50. Kc3 f5 51. exf5 Bxf5 52. Kb3 Be6+ 53. Kc3 Bd5 54. Bd3 Be6 55. Bf1 Bf5 56. Kd2 Ne6 57. Ke3 Nd4 58. f4 e4 59. Bg2 Nc2+ 60. Kd2 Nb4 61. Ke3 Nd5+ 62. Kf2 Nxf4 63. Bf1 Nd3+ 64. Ke3 Kb5 65. Ne2 Kxa5 66. Nd4 Bg6 67. Bg2 Nc5 68. Nc6+ Kb5 69. Ne5 Bf5 70. Nf7 Kb4 71. Ng5 Kc3 72. Kf4 Bg6 73. Nxe4+ Nxe4 74. Bxe4 Bxe4 75. Kxe4 Kd2 76. Kf4 Kd3 77. Kg4 Ke4 78. Kxh4 Kf5 79. Kh5 1/2-1/2


[Site "https://www.chess.com"]